Workbook

Sheet FTR - Results
G2: Results Tracker: KPI Dashboard | H2: Start Bank (Points) | I2: 100 | J2: Current Bank (Points) | K2: =N37+I2 -> 82.3704 | L2: Total Points Staked | N2: =I37 -> 120
H3: Start Date | I3: 45748 | J3: PnL (Points +/-) | K3: =K2-I2 -> -17.6296 | L3: Return on Investment (ROI) | N3: =K3/N2*100 -> -14.691333
H4: Active Days | I4: 30 | J4: Bank Growth (%) | K4: =K3/I2*100 -> -17.6296 | L4: Return on Capital (ROC) | N4: =K3/I2*100 -> -17.6296
B6: Day | C6: Date | D6: Comp | E6: Match | F6: Market | G6: Selection | H6: Price | I6: Points | J6: FT Result | K6: W/D/L | L6: Points (+/-) | M6: BF Comm | N6: Total Points
B7: 1 | C7: =I3 -> 45748 | D7: PRL | E7: Wolves v West Ham | F7: BTTS | G7: Yes | H7: 1.95 | I7: 4 | J7: 1-0 | K7: L | L7: =IF(K7="w",(H7-1)*I7,-I7) -> -4 | M7: =IF(K7="w",(L7/100*2),0) -> 0 | N7: =L7-M7 -> -4
B8: 2 | C8: =C7+1 -> 45749 | D8: PRL | E8: Man City v Leicester City | F8: Asian Handicap | G8: Man City -2 | H8: 1.95 | I8: 4 | J8: 2-0 | K8: D | L8: 0 | M8: =IF(K8="w",(L8/100*2),0) -> 0 | N8: =L8-M8 -> 0
B9: 3 | C9: =C8+1 -> 45750 | D9: PRL | E9: Chelsea v Tottenham | F9: Match Odds & O/U 2.5 | G9: Chelsea / Over | H9: 2.26 | I9: 4 | J9: 1-0 | K9: L | L9: =IF(K9="w",(H9-1)*I9,-I9) -> -4 | M9: =IF(K9="w",(L9/100*2),0) -> 0 | N9: =L9-M9 -> -4
B10: 4 | C10: =C9+1 -> 45751 | D10: SEA | E10: Genoa v Udinese | F10: Match Odds | G10: Draw | H10: 3.05 | I10: 4 | J10: 1-0 | K10: L | L10: =IF(K10="w",(H10-1)*I10,-I10) -> -4 | M10: =IF(K10="w",(L10/100*2),0) -> 0 | N10: =L10-M10 -> -4
B11: 5 | C11: =C10+1 -> 45752 | D11: PRL | E11: Aston Villa v Notts Forest | F11: BTTS | G11: Yes | H11: 1.8 | I11: 4 | J11: 2-1 | K11: W | L11: =IF(K11="w",(H11-1)*I11,-I11) -> 3.2 | M11: =IF(K11="w",(L11/100*2),0) -> 0.064 | N11: =L11-M11 -> 3.136
B12: 6 | C12: =C11+1 -> 45753 | D12: PRL | E12: Fulham v Liverpool | F12: Match Odds & O/U 2.5 | G12: Liverpool / Over | H12: 3 | I12: 4 | J12: 3-2 | K12: L | L12: =IF(K12="w",(H12-1)*I12,-I12) -> -4 | M12: =IF(K12="w",(L12/100*2),0) -> 0 | N12: =L12-M12 -> -4
B13: 7 | C13: =C12+1 -> 45754 | D13: PRL | E13: Leicester v Newcastle Utd | F13: Match Odds & O/U 3.5 | G13: Newcastle / Under | H13: 2.32 | I13: 4 | J13: 0-3 | K13: W | L13: =IF(K13="w",(H13-1)*I13,-I13) -> 5.28 | M13: =IF(K13="w",(L13/100*2),0) -> 0.1056 | N13: =L13-M13 -> 5.1744
B14: 8 | C14: =C13+1 -> 45755 | D14: UCL | E14: Arsenal v Real Madrid | F14: BTTS | G14: Yes | H14: 1.83 | I14: 4 | J14: 3-0 | K14: L | L14: =IF(K14="w",(H14-1)*I14,-I14) -> -4 | M14: =IF(K14="w",(L14/100*2),0) -> 0 | N14: =L14-M14 -> -4
B15: 9 | C15: =C14+1 -> 45756 | D15: UCL | E15: PSG v Aston Villa | F15: Match Odds & O/U 2.5 | G15: PSG / Over | H15: 1.96 | I15: 4 | J15: 3-1 | K15: W | L15: =IF(K15="w",(H15-1)*I15,-I15) -> 3.84 | M15: =IF(K15="w",(L15/100*2),0) -> 0.0768 | N15: =L15-M15 -> 3.7632
B16: 10 | C16: =C15+1 -> 45757 | D16: UEL | E16: Lyon v Manchester Utd | F16: Match Odds | G16: Draw | H16: 3.4 | I16: 4 | J16: 2-2 | K16: W | L16: =IF(K16="w",(H16-1)*I16,-I16) -> 9.6 | M16: =IF(K16="w",(L16/100*2),0) -> 0.192 | N16: =L16-M16 -> 9.408
B17: 11 | C17: =C16+1 -> 45758 | D17: SEA | E17: Udinese v AC Milan | F17: Match Odds | G17: AC Milan | H17: 2.02 | I17: 4 | J17: 0-4 | K17: W | L17: =IF(K17="w",(H17-1)*I17,-I17) -> 4.08 | M17: =IF(K17="w",(L17/100*2),0) -> 0.0816 | N17: =L17-M17 -> 3.9984
B18: 12 | C18: =C17+1 -> 45759 | D18: PRL | E18: Notts Forest v Everton | F18: Match Odds | G18: Forest | H18: 2.08 | I18: 4 | J18: 0-1 | K18: L | L18: =IF(K18="w",(H18-1)*I18,-I18) -> -4 | M18: =IF(K18="w",(L18/100*2),0) -> 0 | N18: =L18-M18 -> -4
B19: 13 | C19: =C18+1 -> 45760 | D19: PRL | E19: Wolves v Tottenham | F19: Match Odds | G19: Wolves | H19: 2.4 | I19: 4 | J19: 4-2 | K19: W | L19: =IF(K19="w",(H19-1)*I19,-I19) -> 5.6 | M19: =IF(K19="w",(L19/100*2),0) -> 0.112 | N19: =L19-M19 -> 5.488
B20: 14 | C20: =C19+1 -> 45761 | D20: PRL | E20: Bournemouth v Fulham | F20: O/U 2.5 goals | G20: Over | H20: 1.84 | I20: 4 | J20: 1-0 | K20: L | L20: =IF(K20="w",(H20-1)*I20,-I20) -> -4 | M20: =IF(K20="w",(L20/100*2),0) -> 0 | N20: =L20-M20 -> -4
... B36: 30 | C36: =C35+1 -> 45777 | D36: UCL | E36: Barcelona v Inter Milan | F36: Asian Handicap | G36: Barcelona -1 | H36: 2.12 | I36: 4 | J36: 3-3 | K36: L | L36: =IF(K36="w",(H36-1)*I36,-I36) -> -4 | M36: =IF(K36="w",(L36/100*2),0) -> 0 | N36: =L36-M36 -> -4
I37: =SUM(I7:I36) -> 120 | J37: Pts Staked | K37: PnL | L37: =SUM(L7:L36) -> -16.52 | M37: =SUM(M7:M36) -> 1.1096 | N37: =L37-M37 -> -17.6296

Sheet FTR - Chart
B2: FOOTBALL TRADING ROOM - APRIL 2025: DAILY RESULTS
B4: Day | C4: Day Points: Profit / Loss | D4: Accumulated Points
B5: 0 | C5: 0 | D5: 0
B6: 1 | C6: ='FTR - Results'!N7 -> -4 | D6: =D5+C6 -> -4
B7: 2 | C7: ='FTR - Results'!N8 -> 0 | D7: =D6+C7 -> -4
B8: 3 | C8: ='FTR - Results'!N9 -> -4 | D8: =D7+C8 -> -8
B9: 4 | C9: ='FTR - Results'!N10 -> -4 | D9: =D8+C9 -> -12
B10: 5 | C10: ='FTR - Results'!N11 -> 3.136 | D10: =D9+C10 -> -8.864
B11: 6 | C11: ='FTR - Results'!N12 -> -4 | D11: =D10+C11 -> -12.864
B12: 7 | C12: ='FTR - Results'!N13 -> 5.1744 | D12: =D11+C12 -> -7.6896
B13: 8 | C13: ='FTR - Results'!N14 -> -4 | D13: =D12+C13 -> -11.6896
B14: 9 | C14: ='FTR - Results'!N15 -> 3.7632 | D14: =D13+C14 -> -7.9264
B15: 10 | C15: ='FTR - Results'!N16 -> 9.408 | D15: =D14+C15 -> 1.4816
B16: 11 | C16: ='FTR - Results'!N17 -> 3.9984 | D16: =D15+C16 -> 5.48
B17: 12 | C17: ='FTR - Results'!N18 -> -4 | D17: =D16+C17 -> 1.48
... B35: 30 | C35: ='FTR - Results'!N36 -> -4 | D35: =D34+C35 -> -17.6296

Sheet PGX5 - Results
G2: Record Tracking & Stake Calculation | H2: Start Bank (£) | I2: 1000 | N2: Current Bank (£) | O2: =O36 -> 1070.3651
H3: Start Date | I3: ='FTR - Results'!I3 -> 45748 | N3: Growth (£) | O3: =O2-I2 -> 70.36511
H4: Days # | I4: 30 | N4: Increase (%) | O4: =SUM(O2-I2)/I2*100 -> 7.036511
B6: Day | C6: Date | D6: Comp | E6: Match | F6: Market | G6: Selection | H6: Price | I6: Stake | J6: Result | K6: W/L/D | L6: Start Bank | M6: PnL | N6: BF Comm. | O6: End Bank
B7: 1 | C7: =I3 -> 45748 | D7: PRL | E7: Nottingham Forest v Man Utd | F7: Draw No Bet | G7: Nottingham Forest | H7: 1.71 | I7: =L7/16.5 -> 60.606061 | J7: 1-0 | K7: W | L7: =I2 -> 1000 | M7: =IF(K7="w",(H7-1)*I7,-I7) -> 43.030303 | N7: =IF(K7="w",(M7/100*2),0) -> 0.86060606 | O7: =L7+M7 -> 1043.0303
B8: 2 | C8: =C7+1 -> 45749 | D8: PRL | E8: Newcastle v Brentford | F8: Match Odds | G8: Newcastle | H8: 1.78 | I8: =L8/16.5 -> 63.213958 | J8: 2-1 | K8: W | L8: =O7 -> 1043.0303 | M8: =IF(K8="w",(H8-1)*I8,-I8) -> 49.306887 | N8: =IF(K8="w",(M8/100*2),0) -> 0.98613774 | O8: =L8+M8 -> 1092.3372
B9: 3 | C9: =C8+1 -> 45750 | D9: PRL | E9: Chelsea v Tottenham | F9: Match Odds | G9: Chelsea | H9: 1.73 | I9: =L9/16.5 -> 66.202254 | J9: 1-0 | K9: W | L9: =O8 -> 1092.3372 | M9: =IF(K9="w",(H9-1)*I9,-I9) -> 48.327645 | N9: =IF(K9="w",(M9/100*2),0) -> 0.96655291 | O9: =L9+M9 -> 1140.6648
B10: 4 | C10: =C9+1 -> 45751 | D10: BUN | E10: Augsburg v Bayen Munich | F10: BTTS | G10: Yes | H10: 1.88 | I10: =L10/16.5 -> 69.131202 | J10: 1-3 | K10: W | L10: =O9 -> 1140.6648 | M10: =IF(K10="w",(H10-1)*I10,-I10) -> 60.835458 | N10: =IF(K10="w",(M10/100*2),0) -> 1.2167092 | O10: =L10+M10 -> 1201.5003
B11: 5 | C11: =C10+1 -> 45752 | D11: SEA | E11: AC Milan v Fiorentina | F11: BTTS | G11: Yes | H11: 1.75 | I11: =L11/16.5 -> 72.8182 | J11: 2-2 | K11: W | L11: =O10 -> 1201.5003 | M11: =IF(K11="w",(H11-1)*I11,-I11) -> 54.61365 | N11: =IF(K11="w",(M11/100*2),0) -> 1.092273 | O11: =L11+M11 -> 1256.1139
B12: 6 | C12: =C11+1 -> 45753 | D12: SEA | E12: Atalanta v Lazio | F12: O/U 2.5 goals | G12: Over | H12: 1.92 | I12: =L12/16.5 -> 76.128118 | J12: 0-1 | K12: L | L12: =O11 -> 1256.1139 | M12: =IF(K12="w",(H12-1)*I12,-I12) -> -76.128118 | N12: =IF(K12="w",(M12/100*2),0) -> 0 | O12: =L12+M12 -> 1179.9858
B13: 7 | C13: =C12+1 -> 45754 | D13: PRL | E13: Leicester City v Newcastle Utd | F13: Asian Handicap | G13: Newcastle -1 | H13: 1.8 | I13: =L13/16.5 -> 71.514292 | J13: 0-3 | K13: W | L13: =O12 -> 1179.9858 | M13: =IF(K13="w",(H13-1)*I13,-I13) -> 57.211434 | N13: =IF(K13="w",(M13/100*2),0) -> 1.1442287 | O13: =L13+M13 -> 1237.1973
B14: 8 | C14: =C13+1 -> 45755 | D14: UCL | E14: Bayern Munich v Inter Milan | F14: BTTS | G14: Yes | H14: 1.8 | I14: =L14/16.5 -> 74.981652 | J14: 1-2 | K14: W | L14: =O13 -> 1237.1973 | M14: =IF(K14="w",(H14-1)*I14,-I14) -> 59.985322 | N14: =IF(K14="w",(M14/100*2),0) -> 1.1997064 | O14: =L14+M14 -> 1297.1826
B15: 9 | C15: =C14+1 -> 45756 | D15: UCL | E15: PSG v Aston Villa | F15: BTTS | G15: Yes | H15: 1.81 | I15: =L15/16.5 -> 78.617126 | J15: 3-1 | K15: W | L15: =O14 -> 1297.1826 | M15: =IF(K15="w",(H15-1)*I15,-I15) -> 63.679872 | N15: =IF(K15="w",(M15/100*2),0) -> 1.2735974 | O15: =L15+M15 -> 1360.8625
B16: 10 | C16: =C15+1 -> 45757 | D16: UEL | E16: Bodo/Glimt v Lazio | F16: O/U 2.5 goals | G16: Over | H16: 1.9 | I16: =L16/16.5 -> 82.476512 | J16: 2-0 | K16: L | L16: =O15 -> 1360.8625 | M16: =IF(K16="w",(H16-1)*I16,-I16) -> -82.476512 | N16: =IF(K16="w",(M16/100*2),0) -> 0 | O16: =L16+M16 -> 1278.3859
B17: 11 | C17: =C16+1 -> 45758 | D17: CHA | E17: Burnley v Norwich City | F17: Match Odds | G17: Burnley | H17: 1.65 | I17: =L17/16.5 -> 77.477936 | J17: 2-1 | K17: W | L17: =O16 -> 1278.3859 | M17: =IF(K17="w",(H17-1)*I17,-I17) -> 50.360658 | N17: =IF(K17="w",(M17/100*2),0) -> 1.0072132 | O17: =L17+M17 -> 1328.7466
B18: 12 | C18: =C17+1 -> 45759 | D18: PRL | E18: Arsenal v Brentford | F18: O/U 2.5 goals | G18: Over | H18: 1.83 | I18: =L18/16.5 -> 80.530097 | J18: 1-1 | K18: L | L18: =O17 -> 1328.7466 | M18: =IF(K18="w",(H18-1)*I18,-I18) -> -80.530097 | N18: =IF(K18="w",(M18/100*2),0) -> 0 | O18: =L18+M18 -> 1248.2165
B19: 13 | C19: =C18+1 -> 45760 | D19: PRL | E19: Newcastle v Manchester Utd | F19: Match Odds | G19: Newcastle | H19: 1.71 | I19: =L19/16.5 -> 75.649485 | J19: 4-1 | K19: W | L19: =O18 -> 1248.2165 | M19: =IF(K19="w",(H19-1)*I19,-I19) -> 53.711134 | N19: =IF(K19="w",(M19/100*2),0) -> 1.0742227 | O19: =L19+M19 -> 1301.9276
... B36: 30 | C36: =C35+1 -> 45777 | D36: UCL | E36: Barcelona v Inter Milan | F36: Match Odds | G36: Barcelona | H36: 1.68 | I36: =L36/16.5 -> 69.055814 | J36: 3-3 | K36: L | L36: =O35 -> 1139.4209 | M36: =IF(K36="w",(H36-1)*I36,-I36) -> -69.055814 | N36: =IF(K36="w",(M36/100*2),0) -> 0 | O36: =L36+M36 -> 1070.3651

Sheet PGX5 - CHART
B2: PRO-GENIE X5 - 'MONTH' 2025: DAILY RESULTS
B4: Day | C4: Profit / Loss (£) | D4: Acc Bank (£)
B5: 0 | C5: 0 | D5: 0
B6: 1 | C6: ='PGX5 - Results'!M7 -> 43.030303 | D6: =D5+C6 -> 43.030303
B7: 2 | C7: ='PGX5 - Results'!M8 -> 49.306887 | D7: =D6+C7 -> 92.33719
B8: 3 | C8: ='PGX5 - Results'!M9 -> 48.327645 | D8: =D7+C8 -> 140.66484
B9: 4 | C9: ='PGX5 - Results'!M10 -> 60.835458 | D9: =D8+C9 -> 201.50029
B10: 5 | C10: ='PGX5 - Results'!M11 -> 54.61365 | D10: =D9+C10 -> 256.11394
B11: 6 | C11: ='PGX5 - Results'!M12 -> -76.128118 | D11: =D10+C11 -> 179.98583
B12: 7 | C12: ='PGX5 - Results'!M13 -> 57.211434 | D12: =D11+C12 -> 237.19726
B13: 8 | C13: ='PGX5 - Results'!M14 -> 59.985322 | D13: =D12+C13 -> 297.18258
B14: 9 | C14: ='PGX5 - Results'!M15 -> 63.679872 | D14: =D13+C14 -> 360.86245
B15: 10 | C15: ='PGX5 - Results'!M16 -> -82.476512 | D15: =D14+C15 -> 278.38594
B16: 11 | C16: ='PGX5 - Results'!M17 -> 50.360658 | D16: =D15+C16 -> 328.7466
B17: 12 | C17: ='PGX5 - Results'!M18 -> -80.530097 | D17: =D16+C17 -> 248.2165
... B35: 30 | C35: ='PGX5 - Results'!M36 -> -69.055814 | D35: =D34+C35 -> 70.36511

Sheet PXCS - Results
E2: PR0-XCS Results Tracker: KPI Dashboard | F2: Start Bank (Points) | G2: 50 | H2: End Bank (Points) | I2: =L156+G2 -> 80.43946 | J2: Total Points Staked | L2: =G156 -> 48.779
F3: Start Date | G3: 45748 | H3: PnL (Points +/-) | I3: =I2-G2 -> 30.43946 | J3: Return on Investment (ROI) | L3: =I3/L2*100 -> 62.402796
F4: Active Days | G4: 30 | H4: Bank Growth (%) | I4: =I3/G2*100 -> 60.87892 | J4: Return on Capital (ROC) | L4: =I3/G2*100 -> 60.87892
B6: Date | C6: Comp | D6: Match | E6: PXCS Prediction | F6: Price | G6: Points | H6: FT Result | I6: W/D/L | J6: Points (+/-) | K6: Comm (2%) | L6: Total Points
B8: 45748
B9: =G3 -> 45748 | C9: PRL | D9: Wolves v West Ham | E9: 1-1 | F9: 6.8 | G9: 0.333 | H9: 1-0 | I9: L | J9: =IF(I9="w",(F9-1)*G9,-G9) -> -0.333 | K9: =IF(I9="w",(J9/100*2),0) -> 0 | L9: =J9-K9 -> -0.333
E10: 1-2 | F10: 12.5 | G10: 0.28 | J10: =IF(I10="w",(F10-1)*G10,-G10) -> -0.28 | K10: =IF(I10="w",(J10/100*2),0) -> 0 | L10: =J10-K10 -> -0.28
E11: 2-2 | F11: 18.5 | G11: 0.19 | J11: =IF(I11="w",(F11-1)*G11,-G11) -> -0.19 | K11: =IF(I11="w",(J11/100*2),0) -> 0 | L11: =J11-K11 -> -0.19
C12: PRL | D12: Nottingham Forest v Man Utd | E12: 1-0 | F12: 10 | G12: 0.33 | H12: 1-0 | I12: W | J12: =IF(I12="w",(F12-1)*G12,-G12) -> 2.97 | K12: =IF(I12="w",(J12/100*2),0) -> 0.0594 | L12: =J12-K12 -> 2.9106
E13: 2-0 | F13: 14 | G13: 0.23 | J13: =IF(I13="w",(F13-1)*G13,-G13) -> -0.23 | K13: =IF(I13="w",(J13/100*2),0) -> 0 | L13: =J13-K13 -> -0.23
E14: 1-1 | F14: 7.4 | G14: 0.44 | J14: =IF(I14="w",(F14-1)*G14,-G14) -> -0.44 | K14: =IF(I14="w",(J14/100*2),0) -> 0 | L14: =J14-K14 -> -0.44
B15: =B9+1 -> 45749 | C15: PRL | D15: Newcastle v Brentford | E15: 2-1 | F15: 9.4 | G15: 0.4 | H15: 2-1 | I15: W | J15: =IF(I15="w",(F15-1)*G15,-G15) -> 3.36 | K15: =IF(I15="w",(J15/100*2),0) -> 0.0672 | L15: =J15-K15 -> 3.2928
E16: 2-0 | F16: 11.5 | G16: 0.33 | J16: =IF(I16="w",(F16-1)*G16,-G16) -> -0.33 | K16: =IF(I16="w",(J16/100*2),0) -> 0 | L16: =J16-K16 -> -0.33
E17: 3-1 | F17: 13.5 | G17: 0.28 | J17: =IF(I17="w",(F17-1)*G17,-G17) -> -0.28 | K17: =IF(I17="w",(J17/100*2),0) -> 0 | L17: =J17-K17 -> -0.28
B18: =B15+1 -> 45750 | C18: PRL | D18: Chelsea v Tottenham | E18: 2-1 | F18: 10 | G18: 0.43 | H18: 1-0 | I18: L | J18: =IF(I18="w",(F18-1)*G18,-G18) -> -0.43 | K18: =IF(I18="w",(J18/100*2),0) -> 0 | L18: =J18-K18 -> -0.43
E19: 3-1 | F19: 14 | G19: 0.31 | J19: =IF(I19="w",(F19-1)*G19,-G19) -> -0.31 | K19: =IF(I19="w",(J19/100*2),0) -> 0 | L19: =J19-K19 -> -0.31
E20: 2-2 | F20: 16 | G20: 0.27 | J20: =IF(I20="w",(F20-1)*G20,-G20) -> -0.27 | K20: =IF(I20="w",(J20/100*2),0) -> 0 | L20: =J20-K20 -> -0.27
B21: =B18+1 -> 45751 | C21: SEA | D21: Genoa v Udinese | E21: 1-0 | F21: 7.2 | G21: 0.33 | H21: 1-0 | I21: W | J21: =IF(I21="w",(F21-1)*G21,-G21) -> 2.046 | K21: =IF(I21="w",(J21/100*2),0) -> 0.04092 | L21: =J21-K21 -> 2.00508
E22: 0-0 | F22: 7.8 | G22: 0.31 | J22: =IF(I22="w",(F22-1)*G22,-G22) -> -0.31 | K22: =IF(I22="w",(J22/100*2),0) -> 0 | L22: =J22-K22 -> -0.31
E23: 1-1 | F23: 6.6 | G23: 0.36 | J23: =IF(I23="w",(F23-1)*G23,-G23) -> -0.36 | K23: =IF(I23="w",(J23/100*2),0) -> 0 | L23: =J23-K23 -> -0.36
C24: BUN | D24: Augsburg v Bayern Munich | E24: 1-3 | F24: 13 | G24: 0.333 | H24: 1-3 | I24: W | J24: =IF(I24="w",(F24-1)*G24,-G24) -> 3.996 | K24: =IF(I24="w",(J24/100*2),0) -> 0.07992 | L24: =J24-K24 -> 3.91608
E25: 1-1 | F25: 10.5 | G25: 0.333 | J25: =IF(I25="w",(F25-1)*G25,-G25) -> -0.333 | K25: =IF(I25="w",(J25/100*2),0) -> 0 | L25: =J25-K25 -> -0.333
E26: 1-2 | F26: 9.8 | G26: 0.333 | J26: =IF(I26="w",(F26-1)*G26,-G26) -> -0.333 | K26: =IF(I26="w",(J26/100*2),0) -> 0 | L26: =J26-K26 -> -0.333
B27: =B21+1 -> 45752 | C27: PRL | D27: Aston Villa v Notts Forest | E27: 2-1 | F27: 10 | G27: 0.333 | H27: 2-1 | I27: W | J27: =IF(I27="w",(F27-1)*G27,-G27) -> 2.997 | K27: =IF(I27="w",(J27/100*2),0) -> 0.05994 | L27: =J27-K27 -> 2.93706
E28: 1-1 | F28: 8 | G28: 0.333 | J28: =IF(I28="w",(F28-1)*G28,-G28) -> -0.333 | K28: =IF(I28="w",(J28/100*2),0) -> 0 | L28: =J28-K28 -> -0.333
E29: 3-2 | F29: 32 | G29: 0.333 | J29: =IF(I29="w",(F29-1)*G29,-G29) -> -0.333 | K29: =IF(I29="w",(J29/100*2),0) -> 0 | L29: =J29-K29 -> -0.333
B30: =B27+1 -> 45753 | C30: PRL | D30: Fulham v Liverpool | E30: 1-2 | F30: 9.8 | G30: 0.333 | H30: 3-2 | I30: L | J30: =IF(I30="w",(F30-1)*G30,-G30) -> -0.333 | K30: =IF(I30="w",(J30/100*2),0) -> 0 | L30: =J30-K30 -> -0.333
E31: 1-3 | F31: 17 | G31: 0.333 | J31: =IF(I31="w",(F31-1)*G31,-G31) -> -0.333 | K31: =IF(I31="w",(J31/100*2),0) -> 0 | L31: =J31-K31 -> -0.333
E32: 2-3 | F32: 30 | G32: 0.333 | J32: =IF(I32="w",(F32-1)*G32,-G32) -> -0.333 | K32: =IF(I32="w",(J32/100*2),0) -> 0 | L32: =J32-K32 -> -0.333
B33: =B30+1 -> 45754 | C33: PRL | D33: Leicester v Newcastle Utd | E33: 0-3 | F33: 12.5 | G33: 0.333 | H33: 0-3 | I33: W | J33: =IF(I33="w",(F33-1)*G33,-G33) -> 3.8295 | K33: =IF(I33="w",(J33/100*2),0) -> 0.07659 | L33: =J33-K33 -> 3.75291
E34: 0-2 | F34: 8 | G34: 0.333 | J34: =IF(I34="w",(F34-1)*G34,-G34) -> -0.333 | K34: =IF(I34="w",(J34/100*2),0) -> 0 | L34: =J34-K34 -> -0.333
E35: 1-2 | F35: 9.8 | G35: 0.333 | J35: =IF(I35="w",(F35-1)*G35,-G35) -> -0.333 | K35: =IF(I35="w",(J35/100*2),0) -> 0 | L35: =J35-K35 -> -0.333
C36: SEA | D36: Bologna v Napoli | E36: 1-1 | F36: 6.6 | G36: 0.333 | H36: 1-1 | I36: W | J36: =IF(I36="w",(F36-1)*G36,-G36) -> 1.8648 | K36: =IF(I36="w",(J36/100*2),0) -> 0.037296 | L36: =J36-K36 -> 1.827504
E37: 2-1 | F37: 13 | G37: 0.333 | J37: =IF(I37="w",(F37-1)*G37,-G37) -> -0.333 | K37: =IF(I37="w",(J37/100*2),0) -> 0 | L37: =J37-K37 -> -0.333
E38: 2-2 | F38: 20 | G38: 0.333 | J38: =IF(I38="w",(F38-1)*G38,-G38) -> -0.333 | K38: =IF(I38="w",(J38/100*2),0) -> 0 | L38: =J38-K38 -> -0.333
B39: =B33+1 -> 45755 | C39: UCL | D39: Arsenal v Real Madrid | E39: 2-1 | F39: 10 | G39: 0.333 | H39: 3-0 | I39: L | J39: =IF(I39="w",(F39-1)*G39,-G39) -> -0.333 | K39: =IF(I39="w",(J39/100*2),0) -> 0 | L39: =J39-K39 -> -0.333
E40: 1-1 | F40: 7.4 | G40: 0.333 | J40: =IF(I40="w",(F40-1)*G40,-G40) -> -0.333 | K40: =IF(I40="w",(J40/100*2),0) -> 0 | L40: =J40-K40 -> -0.333
E41: 2-2 | F41: 16.5 | G41: 0.333 | J41: =IF(I41="w",(F41-1)*G41,-G41) -> -0.333 | K41: =IF(I41="w",(J41/100*2),0) -> 0 | L41: =J41-K41 -> -0.333
C42: UCL | D42: Bayern v Inter Milan | E42: 0-0 | F42: 14.5 | G42: 0.333 | H42: 1-2 | I42: L | J42: =IF(I42="w",(F42-1)*G42,-G42) -> -0.333 | K42: =IF(I42="w",(J42/100*2),0) -> 0 | L42: =J42-K42 -> -0.333
E43: 1-1 | F43: 8 | G43: 0.333 | J43: =IF(I43="w",(F43-1)*G43,-G43) -> -0.333 | K43: =IF(I43="w",(J43/100*2),0) -> 0 | L43: =J43-K43 -> -0.333
E44: 2-1 | F44: 9.8 | G44: 0.333 | J44: =IF(I44="w",(F44-1)*G44,-G44) -> -0.333 | K44: =IF(I44="w",(J44/100*2),0) -> 0 | L44: =J44-K44 -> -0.333
B45: =B39+1 -> 45756 | C45: UCL | D45: PSG v Aston Villa | E45: 3-1 | F45: 12.5 | G45: 0.333 | H45: 3-1 | I45: W | J45: =IF(I45="w",(F45-1)*G45,-G45) -> 3.8295 | K45: =IF(I45="w",(J45/100*2),0) -> 0.07659 | L45: =J45-K45 -> 3.75291
E46: 2-1 | F46: 9.6 | G46: 0.333 | J46: =IF(I46="w",(F46-1)*G46,-G46) -> -0.333 | K46: =IF(I46="w",(J46/100*2),0) -> 0 | L46: =J46-K46 -> -0.333
E47: 3-2 | F47: 26 | G47: 0.333 | J47: =IF(I47="w",(F47-1)*G47,-G47) -> -0.333 | K47: =IF(I47="w",(J47/100*2),0) -> 0 | L47: =J47-K47 -> -0.333
B48: =B45+1 -> 45757 | C48: UEL | D48: Bodo-Glimt v Lazio | E48: 0-0 | F48: 13 | G48: 0.333 | H48: 2-0 | I48: L | J48: =IF(I48="w",(F48-1)*G48,-G48) -> -0.333 | K48: =IF(I48="w",(J48/100*2),0) -> 0 | L48: =J48-K48 -> -0.333
E49: 1-1 | F49: 7.2 | G49: 0.333 | J49: =IF(I49="w",(F49-1)*G49,-G49) -> -0.333 | K49: =IF(I49="w",(J49/100*2),0) -> 0 | L49: =J49-K49 -> -0.333
E50: 2-2 | F50: 16 | G50: 0.333 | J50: =IF(I50="w",(F50-1)*G50,-G50) -> -0.333 | K50: =IF(I50="w",(J50/100*2),0) -> 0 | L50: =J50-K50 -> -0.333
C51: UEL | D51: Lyon v Manchester United | E51: 2-2 | F51: 16 | G51: 0.333 | H51: 2-2 | I51: W | J51: =IF(I51="w",(F51-1)*G51,-G51) -> 4.995 | K51: =IF(I51="w",(J51/100*2),0) -> 0.0999 | L51: =J51-K51 -> 4.8951
E52: 0-0 | F52: 13 | G52: 0.333 | J52: =IF(I52="w",(F52-1)*G52,-G52) -> -0.333 | K52: =IF(I52="w",(J52/100*2),0) -> 0 | L52: =J52-K52 -> -0.333
E53: 1-1 | F53: 7.2 | G53: 0.333 | J53: =IF(I53="w",(F53-1)*G53,-G53) -> -0.333 | K53: =IF(I53="w",(J53/100*2),0) -> 0 | L53: =J53-K53 -> -0.333
B54: =B48+1 -> 45758 | C54: SEA | D54: Udinese v AC Milan | E54: 0-2 | F54: 11.5 | G54: 0.333 | H54: 0-4 | I54: L | J54: =IF(I54="w",(F54-1)*G54,-G54) -> -0.333 | K54: =IF(I54="w",(J54/100*2),0) -> 0 | L54: =J54-K54 -> -0.333
E55: 1-2 | F55: 9.8 | G55: 0.333 | J55: =IF(I55="w",(F55-1)*G55,-G55) -> -0.333 | K55: =IF(I55="w",(J55/100*2),0) -> 0 | L55: =J55-K55 -> -0.333
E56: 1-3 | F56: 18 | G56: 0.333 | J56: =IF(I56="w",(F56-1)*G56,-G56) -> -0.333 | K56: =IF(I56="w",(J56/100*2),0) -> 0 | L56: =J56-K56 -> -0.333
C57: CHA | D57: Burnley v Norwich | E57: 2-1 | F57: 9.6 | G57: 0.333 | H57: 2-1 | I57: W | J57: =IF(I57="w",(F57-1)*G57,-G57) -> 2.8638 | K57: =IF(I57="w",(J57/100*2),0) -> 0.057276 | L57: =J57-K57 -> 2.806524
E58: 1-0 | F58: 6.8 | G58: 0.333 | J58: =IF(I58="w",(F58-1)*G58,-G58) -> -0.333 | K58: =IF(I58="w",(J58/100*2),0) -> 0 | L58: =J58-K58 -> -0.333
E59: 2-0 | F59: 8.2 | G59: 0.333 | J59: =IF(I59="w",(F59-1)*G59,-G59) -> -0.333 | K59: =IF(I59="w",(J59/100*2),0) -> 0 | L59: =J59-K59 -> -0.333
B60: =B54+1 -> 45759 | C60: PRL | D60: Nottingham Forest v Everton | E60: 1-0 | F60: 7.4 | G60: 0.333 | H60: 0-1 | I60: L | J60: =IF(I60="w",(F60-1)*G60,-G60) -> -0.333 | K60: =IF(I60="w",(J60/100*2),0) -> 0 | L60: =J60-K60 -> -0.333
E61: 2-0 | F61: 10.5 | G61: 0.333 | J61: =IF(I61="w",(F61-1)*G61,-G61) -> -0.333 | K61: =IF(I61="w",(J61/100*2),0) -> 0 | L61: =J61-K61 -> -0.333
E62: 1-1 | F62: 7.4 | G62: 0.333 | J62: =IF(I62="w",(F62-1)*G62,-G62) -> -0.333 | K62: =IF(I62="w",(J62/100*2),0) -> 0 | L62: =J62-K62 -> -0.333
C63: PRL | D63: Arsenal v Brentford | E63: 2-1 | F63: 9.8 | G63: 0.333 | H63: 1-1 | I63: L | J63: =IF(I63="w",(F63-1)*G63,-G63) -> -0.333 | K63: =IF(I63="w",(J63/100*2),0) -> 0 | L63: =J63-K63 -> -0.333
E64: 3-1 | F64: 16 | G64: 0.333 | J64: =IF(I64="w",(F64-1)*G64,-G64) -> -0.333 | K64: =IF(I64="w",(J64/100*2),0) -> 0 | L64: =J64-K64 -> -0.333
E65: 3-2 | F65: 30 | G65: 0.333 | J65: =IF(I65="w",(F65-1)*G65,-G65) -> -0.333 | K65: =IF(I65="w",(J65/100*2),0) -> 0 | L65: =J65-K65 -> -0.333
B66: =B60+1 -> 45760 | C66: PRL | D66: Wolves v Tottenham | E66: 2-1 | F66: 10.5 | G66: 0.333 | H66: 4-2 | I66: L | J66: =IF(I66="w",(F66-1)*G66,-G66) -> -0.333 | K66: =IF(I66="w",(J66/100*2),0) -> 0 | L66: =J66-K66 -> -0.333
E67: 1-0 | F67: 10.5 | G67: 0.333 | J67: =IF(I67="w",(F67-1)*G67,-G67) -> -0.333 | K67: =IF(I67="w",(J67/100*2),0) -> 0 | L67: =J67-K67 -> -0.333
E68: 2-2 | F68: 16 | G68: 0.333 | J68: =IF(I68="w",(F68-1)*G68,-G68) -> -0.333 | K68: =IF(I68="w",(J68/100*2),0) -> 0 | L68: =J68-K68 -> -0.333
C69: PRL | D69: Newcastle v Manchester Utd | E69: 2-1 | F69: 9.8 | G69: 0.333 | H69: 4-1 | I69: L | J69: =IF(I69="w",(F69-1)*G69,-G69) -> -0.333 | K69: =IF(I69="w",(J69/100*2),0) -> 0 | L69: =J69-K69 -> -0.333
E70: 2-0 | F70: 10 | G70: 0.333 | J70: =IF(I70="w",(F70-1)*G70,-G70) -> -0.333 | K70: =IF(I70="w",(J70/100*2),0) -> 0 | L70: =J70-K70 -> -0.333
E71: 3-0 | F71: 16.5 | G71: 0.333 | J71: =IF(I71="w",(F71-1)*G71,-G71) -> -0.333 | K71: =IF(I71="w",(J71/100*2),0) -> 0 | L71: =J71-K71 -> -0.333
B72: =B66+1 -> 45761 | C72: PRL | D72: Bournemouth v Fulham | E72: 2-1 | F72: 10 | G72: 0.333 | H72: 1-0 | I72: L | J72: =IF(I72="w",(F72-1)*G72,-G72) -> -0.333 | K72: =IF(I72="w",(J72/100*2),0) -> 0 | L72: =J72-K72 -> -0.333
E73: 1-2 | F73: 15.5 | G73: 0.333 | J73: =IF(I73="w",(F73-1)*G73,-G73) -> -0.333 | K73: =IF(I73="w",(J73/100*2),0) -> 0 | L73: =J73-K73 -> -0.333
E74: 2-2 | F74: 15.5 | G74: 0.333 | J74: =IF(I74="w",(F74-1)*G74,-G74) -> -0.333 | K74: =IF(I74="w",(J74/100*2),0) -> 0 | L74: =J74-K74 -> -0.333
C75: SEA | D75: Napoli v Empoli | E75: 3-0 | F75: 9.8 | G75: 0.333 | H75: 3-0 | I75: W | J75: =IF(I75="w",(F75-1)*G75,-G75) -> 2.9304 | K75: =IF(I75="w",(J75/100*2),0) -> 0.058608 | L75: =J75-K75 -> 2.871792
E76: 2-0 | F76: 6.8 | G76: 0.333 | J76: =IF(I76="w",(F76-1)*G76,-G76) -> -0.333 | K76: =IF(I76="w",(J76/100*2),0) -> 0 | L76: =J76-K76 -> -0.333
E77: 2-1 | F77: 10 | G77: 0.333 | J77: =IF(I77="w",(F77-1)*G77,-G77) -> -0.333 | K77: =IF(I77="w",(J77/100*2),0) -> 0 | L77: =J77-K77 -> -0.333
B78: =B72+1 -> 45762 | C78: UCL | D78: Aston Villa v PSG | E78: 3-2 | F78: 32 | G78: 0.333 | H78: 3-2 | I78: W | J78: =IF(I78="w",(F78-1)*G78,-G78) -> 10.323 | K78: =IF(I78="w",(J78/100*2),0) -> 0.20646 | L78: =J78-K78 -> 10.11654
E79: 2-2 | F79: 14.5 | G79: 0.333 | J79: =IF(I79="w",(F79-1)*G79,-G79) -> -0.333 | K79: =IF(I79="w",(J79/100*2),0) -> 0 | L79: =J79-K79 -> -0.333
E80: 2-3 | F80: 27 | G80: 0.333 | J80: =IF(I80="w",(F80-1)*G80,-G80) -> -0.333 | K80: =IF(I80="w",(J80/100*2),0) -> 0 | L80: =J80-K80 -> -0.333
C81: UCL | D81: Dortmund v Barcelona | E81: 1-2 | F81: 11 | G81: 0.333 | H81: 3-1 | I81: L | J81: =IF(I81="w",(F81-1)*G81,-G81) -> -0.333 | K81: =IF(I81="w",(J81/100*2),0) -> 0 | L81: =J81-K81 -> -0.333
E82: 1-3 | F82: 16 | G82: 0.333 | J82: =IF(I82="w",(F82-1)*G82,-G82) -> -0.333 | K82: =IF(I82="w",(J82/100*2),0) -> 0 | L82: =J82-K82 -> -0.333
E83: 2-2 | F83: 13 | G83: 0.333 | J83: =IF(I83="w",(F83-1)*G83,-G83) -> -0.333 | K83: =IF(I83="w",(J83/100*2),0) -> 0 | L83: =J83-K83 -> -0.333
B84: =B78+1 -> 45763 | C84: PRL | D84: Newcastle v Crystal Palace | E84: 2-1 | F84: 9.6 | G84: 0.333 | H84: 5-0 | I84: L | J84: =IF(I84="w",(F84-1)*G84,-G84) -> -0.333 | K84: =IF(I84="w",(J84/100*2),0) -> 0 | L84: =J84-K84 -> -0.333
E85: 3-1 | F85: 16 | G85: 0.333 | J85: =IF(I85="w",(F85-1)*G85,-G85) -> -0.333 | K85: =IF(I85="w",(J85/100*2),0) -> 0 | L85: =J85-K85 -> -0.333
E86: 2-2 | F86: 16.5 | G86: 0.333 | J86: =IF(I86="w",(F86-1)*G86,-G86) -> -0.333 | K86: =IF(I86="w",(J86/100*2),0) -> 0 | L86: =J86-K86 -> -0.333
B87: =B84+1 -> 45764 | C87: UEL | D87: Manchester Utd v Lyon | E87: 2-2 | F87: 16 | G87: 0.333 | H87: 2-2 | I87: W | J87: =IF(I87="w",(F87-1)*G87,-G87) -> 4.995 | K87: =IF(I87="w",(J87/100*2),0) -> 0.0999 | L87: =J87-K87 -> 4.8951
E88: 2-1 | F88: 11 | G88: 0.333 | J88: =IF(I88="w",(F88-1)*G88,-G88) -> -0.333 | K88: =IF(I88="w",(J88/100*2),0) -> 0 | L88: =J88-K88 -> -0.333
E89: 3-1 | F89: 20 | G89: 0.333 | J89: =IF(I89="w",(F89-1)*G89,-G89) -> -0.333 | K89: =IF(I89="w",(J89/100*2),0) -> 0 | L89: =J89-K89 -> -0.333
C90: UEL | D90: Frankfurt v Tottenham | E90: 2-1 | F90: 11 | G90: 0.333 | H90: 0-1 | I90: L | J90: =IF(I90="w",(F90-1)*G90,-G90) -> -0.333 | K90: =IF(I90="w",(J90/100*2),0) -> 0 | L90: =J90-K90 -> -0.333
E91: 2-2 | F91: 13.5 | G91: 0.333 | J91: =IF(I91="w",(F91-1)*G91,-G91) -> -0.333 | K91: =IF(I91="w",(J91/100*2),0) -> 0 | L91: =J91-K91 -> -0.333
E92: 3-1 | F92: 20 | G92: 0.333 | J92: =IF(I92="w",(F92-1)*G92,-G92) -> -0.333 | K92: =IF(I92="w",(J92/100*2),0) -> 0 | L92: =J92-K92 -> -0.333
B93: =B87+1 -> 45765 | C93: LAL | D93: Espanyol v Getafe | E93: 1-1 | F93: 6.2 | G93: 0.333 | H93: 1-0 | I93: L | J93: =IF(I93="w",(F93-1)*G93,-G93) -> -0.333 | K93: =IF(I93="w",(J93/100*2),0) -> 0 | L93: =J93-K93 -> -0.333
E94: 2-1 | F94: 14 | G94: 0.333 | J94: =IF(I94="w",(F94-1)*G94,-G94) -> -0.333 | K94: =IF(I94="w",(J94/100*2),0) -> 0 | L94: =J94-K94 -> -0.333
E95: 1-2 | F95: 14.5 | G95: 0.333 | J95: =IF(I95="w",(F95-1)*G95,-G95) -> -0.333 | K95: =IF(I95="w",(J95/100*2),0) -> 0 | L95: =J95-K95 -> -0.333
C96: CHA | D96: Sheffield Utd v Cardiff City | E96: 2-0 | F96: 8.4 | G96: 0.333 | H96: 2-0 | I96: W | J96: =IF(I96="w",(F96-1)*G96,-G96) -> 2.4642 | K96: =IF(I96="w",(J96/100*2),0) -> 0.049284 | L96: =J96-K96 -> 2.414916
E97: 1-0 | F97: 7.2 | G97: 0.333 | J97: =IF(I97="w",(F97-1)*G97,-G97) -> -0.333 | K97: =IF(I97="w",(J97/100*2),0) -> 0 | L97: =J97-K97 -> -0.333
E98: 2-1 | F98: 9.4 | G98: 0.333 | J98: =IF(I98="w",(F98-1)*G98,-G98) -> -0.333 | K98: =IF(I98="w",(J98/100*2),0) -> 0 | L98: =J98-K98 -> -0.333
B99: =B93+1 -> 45766 | C99: PRL | D99: Everton v Manchester City | E99: 2-2 | F99: 18 | G99: 0.333 | H99: 0-2 | I99: L | J99: =IF(I99="w",(F99-1)*G99,-G99) -> -0.333 | K99: =IF(I99="w",(J99/100*2),0) -> 0 | L99: =J99-K99 -> -0.333
E100: 1-2 | F100: 10 | G100: 0.333 | J100: =IF(I100="w",(F100-1)*G100,-G100) -> -0.333 | K100: =IF(I100="w",(J100/100*2),0) -> 0 | L100: =J100-K100 -> -0.333
E101: 1-3 | F101: 18 | G101: 0.333 | J101: =IF(I101="w",(F101-1)*G101,-G101) -> -0.333 | K101: =IF(I101="w",(J101/100*2),0) -> 0 | L101: =J101-K101 -> -0.333
C102: PRL | D102: Aston Villa v Newcastle | E102: 1-2 | F102: 12 | G102: 0.333 | H102: 4-1 | I102: L | J102: =IF(I102="w",(F102-1)*G102,-G102) -> -0.333 | K102: =IF(I102="w",(J102/100*2),0) -> 0 | L102: =J102-K102 -> -0.333
E103: 2-2 | F103: 14 | G103: 0.333 | J103: =IF(I103="w",(F103-1)*G103,-G103) -> -0.333 | K103: =IF(I103="w",(J103/100*2),0) -> 0 | L103: =J103-K103 -> -0.333
...

Sheet PXCS - CHART
B2: PR0-XCS - APRIL 2025: DAILY RESULTS
B4: Day | C4: Day Points: Profit / Loss | D4: Bank: Acc Points
B5: 0 | C5: 0 | D5: 0
B6: 1 | C6: =SUM('PXCS - Results'!L9:L14) -> 1.4376 | D6: =D5+C6 -> 1.4376
B7: 2 | C7: =SUM('PXCS - Results'!L15:L17) -> 2.6828 | D7: =D6+C7 -> 4.1204
B8: 3 | C8: =SUM('PXCS - Results'!L18:L20) -> -1.01 | D8: =D7+C8 -> 3.1104
B9: 4 | C9: =SUM('PXCS - Results'!L21:L26) -> 4.58516 | D9: =D8+C9 -> 7.69556
B10: 5 | C10: =SUM('PXCS - Results'!L27:L29) -> 2.27106 | D10: =D9+C10 -> 9.96662
B11: 6 | C11: =SUM('PXCS - Results'!L30:L32) -> -0.999 | D11: =D10+C11 -> 8.96762
B12: 7 | C12: =SUM('PXCS - Results'!L33:L38) -> 4.248414 | D12: =D11+C12 -> 13.216034
B13: 8 | C13: =SUM('PXCS - Results'!L39:L44) -> -1.998 | D13: =D12+C13 -> 11.218034
B14: 9 | C14: =SUM('PXCS - Results'!L45:L47) -> 3.08691 | D14: =D13+C14 -> 14.304944
B15: 10 | C15: =SUM('PXCS - Results'!L48:L53) -> 3.2301 | D15: =D14+C15 -> 17.535044
B16: 11 | C16: =SUM('PXCS - Results'!L54:L59) -> 1.141524 | D16: =D15+C16 -> 18.676568
B17: 12 | C17: =SUM('PXCS - Results'!L60:L65) -> -1.998 | D17: =D16+C17 -> 16.678568
B18: 13 | C18: =SUM('PXCS - Results'!L66:L71) -> -1.998 | D18: =D17+C18 -> 14.680568
B19: 14 | C19: =SUM('PXCS - Results'!L72:L77) -> 1.206792 | D19: =D18+C19 -> 15.88736
B20: 15 | C20: =SUM('PXCS - Results'!L78:L83) -> 8.45154 | D20: =D19+C20 -> 24.3389
B21: 16 | C21: =SUM('PXCS - Results'!L84:L86) -> -0.999 | D21: =D20+C21 -> 23.3399
B22: 17 | C22: =SUM('PXCS - Results'!L87:L92) -> 3.2301 | D22: =D21+C22 -> 26.57
B23: 18 | C23: =SUM('PXCS - Results'!L93:L98) -> 0.749916 | D23: =D22+C23 -> 27.319916
B24: 19 | C24: =SUM('PXCS - Results'!L99:L104) -> -1.998 | D24: =D23+C24 -> 25.321916
B25: 20 | C25: =SUM('PXCS - Results'!L105:L110) -> -1.998 | D25: =D24+C25 -> 23.323916
B26: 21 | C26: =SUM('PXCS - Results'!L111:L116) -> 6.4935 | D26: =D25+C26 -> 29.817416
B27: 22 | C27: =SUM('PXCS - Results'!L112:L117) -> 9.698292 | D27: =D26+C27 -> 39.515708
B28: 23 | C28: =SUM('PXCS - Results'!L123:L125) -> -0.999 | D28: =D27+C28 -> 38.516708
B29: 24 | C29: =SUM('PXCS - Results'!L126:L131) -> 2.845152 | D29: =D28+C29 -> 41.36186
B30: 25 | C30: =SUM('PXCS - Results'!L132:L134) -> -0.999 | D30: =D29+C30 -> 40.36286
B31: 26 | C31: =SUM('PXCS - Results'!L135:L137) -> -0.999 | D31: =D30+C31 -> 39.36386
B32: 27 | C32: =SUM('PXCS - Results'!L138:L143) -> 1.206792 | D32: =D31+C32 -> 40.570652
B33: 28 | C33: =SUM('PXCS - Results'!L144:L149) -> -1.998 | D33: =D32+C33 -> 38.572652
B34: 29 | C34: =SUM('PXCS - Results'!L150:L152) -> -0.999 | D34: =D33+C34 -> 37.573652
B35: 30 | C35: =SUM('PXCS - Results'!L153:L155) -> -0.999 | D35: =D34+C35 -> 36.574652
